 Dungeon Crawl Stone Soup version 0.24.0-1-gfbc8707122 (webtiles) character file.

Game seed: 4929291354681192286, levelgen mode: deterministic

14437 kkkmkkk the Fighter (level 11, -17/92 HPs)
             Began as a Demonspawn Gladiator on Oct 26, 2019.
             Was an Elder of Makhleb.
             Killed from afar by a ynoxinul (30 damage)
             ... with an iron shot
             ... summoned by an orc sorcerer
             ... led by an orc warlord
             ... on level 2 of the Orcish Mines.
             The game lasted 00:19:13 (13144 turns).

kkkmkkk the Fighter (Demonspawn Gladiator)         Turns: 13144, Time: 00:19:13

Health: -17/92     AC: 11    Str: 14    XL:     11   Next: 88%
Magic:  0/19       EV: 16    Int: 13    God:    Makhleb [****..]
Gold:   1028       SH:  3    Dex: 24    Spells: 13/21 levels left

rFire    . . .     SeeInvis .   L - +3 lajatang of Purpose {flame, +Inv Dex+3 Stlth-}
rCold    + . .     Gourm    .   (shield currently unavailable)
rNeg     + . .     Faith    .   B - +1 scale mail "Jich" {rC+ rN+}
rPois    .         Spirit   +   m - +2 hat
rElec    .         Reflect  +   D - +0 cloak
rCorr    .         Harm     .   (no gloves)
MR       .....                  E - +0 pair of boots (curse)
Stlth    +.........             w - +3 amulet of reflection
HPRegen  0.25/turn              (no ring)
MPRegen  0.32/turn              (no ring)

@: very slightly contaminated, lightly drained
A: thin skeletal structure 3, spiny 1, magic shield, magic regeneration
a: Minor Destruction, Lesser Servant of Makhleb, Major Destruction, Renounce
Religion, Evoke Invisibility


You were on level 2 of the Orcish Mines.
You worshipped Makhleb.
Makhleb was greatly pleased with you.
You were not hungry.

You visited 2 branches of the dungeon, and saw 13 of its levels.
You also visited: Gauntlet.

You collected 1388 gold pieces.
You spent 360 gold pieces at shops.

Inventory:

Hand Weapons
 a - a +0 quarterstaff
 d - a +3 quarterstaff of chaos
 K - a +0 quarterstaff of draining
 L - the +3 lajatang of Purpose (weapon) {flame, +Inv Dex+3 Stlth-}
   (You bought it in a shop on level 5 of the Dungeon)

   It has been specially enchanted to burn those struck by it, causing extra
   injury to most foes and up to half again as much damage against particularly
   susceptible opponents.
   Big, fiery blades are also staple armaments of hydra-hunters.
   It affects your dexterity (+3).
   It lets you turn invisible.
   It makes you less stealthy.
Missiles
 N - 2 silver boomerangs (quivered)
Armour
 b - a +0 leather armour
 c - a +0 helmet
 g - a +0 shield
 m - a +2 hat (worn)
 q - a +0 scale mail
 r - a +0 helmet
 B - the +1 scale mail "Jich" (worn) {rC+ rN+}
   (You found it on level 7 of the Dungeon)

   It protects you from cold.
   It protects you from negative energy.
 D - a +0 cloak (worn)
 E - a cursed +0 pair of boots (worn)
 M - a +0 troll leather armour
Jewellery
 w - a +3 amulet of reflection (around neck)
Wands
 x - a wand of disintegration (8)
 z - a wand of iceblast (10)
 R - a wand of digging (11)
 T - a wand of enslavement (2)
Scrolls
 e - 4 scrolls of remove curse
 h - 5 scrolls of teleportation
 k - 5 scrolls of identify
 o - a scroll of magic mapping
 y - a scroll of summoning {unknown}
 A - a scroll of enchant armour {unknown}
 C - 4 scrolls of immolation {unknown}
 P - a scroll of fear {unknown}
 S - a scroll of fog {unknown}
Potions
 i - 3 potions of cancellation
 l - 3 potions of ambrosia
 n - a potion of berserk rage {unknown}
 p - 3 potions of degeneration {unknown}
 s - 7 potions of curing {unknown}
 t - 2 potions of lignification {unknown}
 u - 3 potions of might {unknown}
 v - 2 potions of invisibility {unknown}
 F - 2 potions of haste {unknown}
 G - a potion of brilliance {unknown}
 H - 5 potions of heal wounds {unknown}
 J - a potion of flight {unknown}
 O - a potion of mutation {unknown}
Comestibles
 f - 25 rations


   Skills:
 * Level 10.3(10.1) Fighting
 * Level 9.8(9.6) Staves
 - Level 1.7(1.6) Throwing
 * Level 10.0(9.8) Dodging
 - Level 5.9(5.7) Spellcasting
 - Level 2.0(1.8) Transmutations
 - Level 1.9(1.8) Earth Magic
 + Level 3.2(3.0) Invocations


You had 13 spell levels left.
You knew the following spells:

 Your Spells              Type           Power        Failure   Level  Hunger
a - Blink                 Tloc           N/A          75%         2    ##.....
b - Statue Form           Tmut/Erth      #........    100%        6    #######

Your spell library contained the following spells:

 Spells                   Type           Power        Failure   Level  Hunger
 Magic Dart               Conj           #...         61%         1    None
 Call Imp                 Summ           #.......     75%         2    ##.....
 Slow                     Hex            #.......     75%         2    ##.....
 Conjure Flame            Conj/Fire      #.......     93%         3    ###....
 Mephitic Cloud           Conj/Pois/Air  #.......     93%         3    ###....
 Leda's Liquefaction      Hex/Erth       #.........   99%         4    ####...
 Bolt of Magma            Conj/Fire/Erth #.........   100%        5    ######.
 Iron Shot                Conj/Erth      #.........   100%        6    #######
 Shatter                  Erth           #.........   100%        9    #######


Dungeon Overview and Level Annotations

Branches:
Dungeon (11/15)            Temple (0/1) D:6            Lair (0/6) D:10
    Orc (2/2) D:10            Elf (0/3) Orc:2       Gauntlet (visited)

Altars:
Dithmenos
Hepliaklqana
Kikubaaqudgha
Makhleb
Okawaru
Wu Jian
Yredelemnul
Zin
Beogh

Shops:
D:5 (

Portals:
Trove: D:11 (give 5 scrolls of blinking)

Annotations:
D:11 exclusion: orange crystal statue


Innate Abilities, Weirdness & Mutations

You have an unnaturally thin skeletal structure. (Dex +6, Stealth++)
You are partially covered in sharp spines.
When hurt, damage is shared between your health and your magic reserves.
You regenerate magic rapidly.


Message History

The orcs go into a battle-frenzy!
The orc moves out of view.
The orc warrior shouts!
Found 62 gold pieces.
An orc wizard comes into view. It is wielding a -3 dagger.
Unknown command.
Unknown command.
Blink to where?
Press: ? - help, Dir - move target cursor
As you read the scroll of blinking, it crumbles to dust.
The orc wizard moves out of view.
Unknown command.
Evoke which item? (* to show all) (? for menu, Esc to quit)
Okay, then.
As you read the scroll of magic mapping, it crumbles to dust.
You feel aware of your surroundings.
You sensed 1 altar, and 4 shops/portals.
The ynoxinul gestures at you. The iron shot hits you!!
You die...

**,***,#8o8o$#...##,,,**,,
*,,,**#######o....#*,,,*,,
**,,,,.............#*,,.,,
**,,,,......##...#####..,,
*,,,,,..........o..8....,,
**,,,,......##o4O..oo...,,
*,,,,..#..#..#.o.oo....,,
**,,,.,#.....oooOoo..o.,,
*,,,,,*#@...3##<.o8oooo,,
**,,*,*##...#########oo,,
**,*,,,**#.## **,,,,,
*,,,,,,,**## **,,,*,,
**,*,*,** **,,,**,,
******* *,,,***8, *∩,**
*,, *******,, **,,,,


You could see an orc warlord, an orc high priest, a ynoxinul, an orc sorcerer, a
red devil, 3 orc warriors, an ogre and an orc priest.

Vanquished Creatures
  3 two-headed ogres
  Pikel (D:8)
  A cyclops (D:11)
  An orc sorcerer (Orc:1)
  An ugly thing (D:9)
  A manticore (D:11)
  Joseph (D:8)
  Maurice (D:9)
  3 centaur skeletons
  A hornet (D:10)
  A troll (D:10)
  A shadow (D:11)
  A hippogriff (D:10)
  A human (D:7)
  Sigmund (D:6)
  11 yaks
  Grum (D:9)
  A hungry ghost (D:11)
  2 hogs (D:7)
  Duvessa (D:5)
  3 porcupines (D:10)
  A black bear (D:6)
  5 orc warriors
  A sky beast (D:11)
  2 ice beasts
  A necrophage (D:7)
  An eye of draining (D:10)
  8 ogres
  A phantom (D:10)
  3 wolves (D:9)
  6 centaurs
  A crocodile (D:10)
  Blork the orc (D:6)
  9 bullfrogs
  A wyvern zombie (D:9)
  Dowan (D:5)
  5 scorpions
  5 killer bees (D:7)
  8 wights
  2 electric eels (D:11)
  4 howler monkeys
  6 crimson imps
  3 hounds
  A bullfrog zombie (D:7)
  A quasit (D:6)
  A jelly (D:6)
  18 orc wizards
  10 orc priests
  2 iguanas
  Crazy Yiuf (D:7)
  Terence (D:3)
  2 bullfrog skeletons
  2 worker ants
  2 hound zombies
  A hound skeleton (D:4)
  6 gnolls
  8 adders
  A howler monkey skeleton (D:5)
  3 shadow imps
  An ooze (D:6)
  3 adder skeletons
  An adder zombie (D:6)
  4 worms
  A dart slug (D:3)
  13 leopard geckos
  70 orcs
  4 bats
  7 giant cockroaches
  6 goblins
  3 hobgoblins
  5 jackals
  4 quokkas
  A ball python (D:6)
  5 frilled lizards
  11 kobolds
  A leopard gecko skeleton (D:7)
  A leopard gecko zombie (D:5)
  6 rats
320 creatures vanquished.

Vanquished Creatures (others)
  An orc warrior (Orc:2)
  An orc wizard (D:11)
  An orc (D:9)
  A jackal (D:8)
  11 fungi (D:10)
  5 plants
20 creatures vanquished.

Grand Total: 340 creatures vanquished

Notes
Turn   | Place    | Note
-------+----------+-------------------------------------------
     0 | D:1      | kkkmkkk the Demonspawn Gladiator began the quest for the
                  | Orb.
     0 | D:1      | Reached XP level 1. HP: 16/16 MP: 1/1
   130 | D:1      | Gained mutation: You have a somewhat thin skeletal
                  | structure. (Dex +2, Stealth) [demonic ancestry]
   130 | D:1      | Reached XP level 2. HP: 22/22 MP: 2/2
   710 | D:3      | Gained mutation: You have a moderately thin skeletal
                  | structure. (Dex +4, Stealth+) [demonic ancestry]
   710 | D:3      | Reached XP level 3. HP: 28/28 MP: 3/3
   888 | D:3      | Noticed Terence
   904 | D:3      | Killed Terence
   904 | D:3      | Gained mutation: You are partially covered in sharp spines.
                  | [demonic ancestry]
   904 | D:3      | Reached XP level 4. HP: 28/34 MP: 4/4
  1087 | D:3      | Found an iron altar of Okawaru.
  1953 | D:4      | Reached XP level 5. HP: 30/41 MP: 5/5
  2697 | D:3      | Found a glowing silver altar of Zin.
  2848 | D:2      | Found an ornate altar of the Wu Jian Council.
  3073 | D:5      | Entered Level 5 of the Dungeon
  3127 | D:5      | Gained mutation: You have an unnaturally thin skeletal
                  | structure. (Dex +6, Stealth++) [demonic ancestry]
  3127 | D:5      | Reached XP level 6. HP: 40/48 MP: 6/6
  3131 | D:5      | Noticed Duvessa
  3134 | D:5      | Noticed Dowan
  3149 | D:5      | Killed Duvessa
  3154 | D:5      | Killed Dowan
  3489 | D:5      | Found a shadowy altar of Dithmenos.
  3530 | D:5      | Gained mutation: When hurt, damage is shared between your
                  | health and your magic reserves. [demonic ancestry]
  3530 | D:5      | Reached XP level 7. HP: 30/55 MP: 7/7
  3727 | D:5      | Found a basalt altar of Yredelemnul.
  3824 | D:5      | Found Zyibroydd's Antique Weapon Shop.
  3990 | D:6      | Reached skill level 5 in Staves
  3990 | D:6      | Reached skill level 1 in Spellcasting
  4007 | D:6      | Reached skill level 5 in Dodging
  4063 | D:6      | Reached skill level 5 in Fighting
  4581 | D:7      | Reached XP level 8. HP: 62/62 MP: 11/11
  4879 | D:7      | Got a twisted scale mail
  4890 | D:7      | Identified the +1 scale mail "Jich" {rC+ rN+} (You found it
                  | on level 7 of the Dungeon)
  5238 | D:6      | Noticed Sigmund
  5554 | D:6      | Reached XP level 9. HP: 55/71 MP: 11/14
  5751 | D:6      | Killed Sigmund
  6101 | D:7      | Found a hazy altar of Hepliaklqana.
  6102 | D:7      | Found a burning altar of Makhleb.
  6127 | D:7      | Became a worshipper of Makhleb the Destroyer
  6165 | D:7      | Found a runed translucent door.
  6166 | D:7      | Noticed Crazy Yiuf
  6817 | D:7      | Killed Crazy Yiuf
  6973 | D:6      | Found a staircase to the Ecumenical Temple.
  7016 | D:6      | Noticed Blork the orc
  7032 | D:6      | Killed Blork the orc
  7032 | D:6      | Reached skill level 5 in Spellcasting
  7368 | D:6      | Reached * piety under Makhleb
  7678 | D:8      | Noticed Joseph
  7678 | D:8      | Noticed Pikel
  7706 | D:10     | Entered Level 10 of the Dungeon
  7818 | D:9      | Learned a level 2 spell: Blink
  8033 | D:9      | Reached XP level 10. HP: 76/80 MP: 15/18
  8041 | D:9      | Learned a level 6 spell: Statue Form
  8101 | D:9      | Noticed Maurice
  8430 | D:8      | Noticed Grum
  8430 | D:8      | Noticed a two-headed ogre
  8452 | D:9      | Killed Grum
  8716 | D:9      | Killed a two-headed ogre
  8716 | D:9      | Reached skill level 1 in Transmutations
  8716 | D:9      | Reached skill level 1 in Earth Magic
  8968 | D:8      | Noticed a two-headed ogre
  8982 | D:8      | Killed a two-headed ogre
  9064 | D:8      | Killed Joseph
  9174 | D:5      | Bought a crystal lajatang for 360 gold pieces
  9174 | D:5      | Identified the +3 lajatang of Purpose {flame, +Inv Dex+3
                  | Stlth-} (You bought it in a shop on level 5 of the Dungeon)
  9309 | D:8      | Noticed a two-headed ogre
  9317 | D:8      | Killed a two-headed ogre
  9326 | D:8      | Killed Pikel
  9471 | D:8      | Reached ** piety under Makhleb
  9715 | D:9      | Noticed a red ugly thing
  9726 | D:9      | Killed a red ugly thing
  9726 | D:9      | Gained mutation: You regenerate magic rapidly. [demonic
                  | ancestry]
  9726 | D:9      | Reached XP level 11. HP: 28/89 MP: 5/19
 10012 | D:9      | Found an ancient bone altar of Kikubaaqudgha.
 10145 | D:9      | Killed Maurice
 10789 | D:10     | Found a staircase to the Lair.
 10872 | D:10     | Paralysed by a hornet for 2 turns
 10986 | D:10     | Reached *** piety under Makhleb
 11083 | D:10     | Found a staircase to the Orcish Mines.
 11203 | D:10     | Reached **** piety under Makhleb
 11253 | D:10     | Reached skill level 1 in Invocations
 11592 | D:11     | Found a gate leading to a gauntlet.
 11601 | Gauntlet | Entered a Gauntlet
 11601 | Gauntlet | Found a transporter.
 11601 | Gauntlet | Found a transporter.
 11601 | Gauntlet | Found a transporter.
 11620 | Gauntlet | Found a transporter.
 11620 | Gauntlet | Found a transporter.
 11628 | Gauntlet | Found a transporter.
 11631 | Gauntlet | Found a transporter.
 11634 | Gauntlet | Noticed a spark wasp
 11635 | Gauntlet | Found a runed translucent door.
 11636 | Gauntlet | a spark wasp changed into a tyrant leech
 11637 | Gauntlet | Found a runed translucent door.
 11639 | Gauntlet | Found a transporter.
 11639 | Gauntlet | Noticed a spark wasp
 11639 | Gauntlet | a tyrant leech changed into a spark wasp
 11641 | Gauntlet | Noticed a great orb of eyes
 11641 | Gauntlet | a spark wasp changed into a great orb of eyes
 11642 | Gauntlet | Noticed an eight-headed hydra
 11642 | Gauntlet | a great orb of eyes changed into an eight-headed hydra
 11646 | Gauntlet | Noticed a harpy
 11646 | Gauntlet | a komodo dragon changed into a harpy
 11653 | Gauntlet | Found a large runed translucent door.
 11654 | Gauntlet | Found a large runed translucent door.
 11655 | Gauntlet | Found a large runed translucent door.
 11655 | Gauntlet | Found a large runed translucent door.
 11656 | Gauntlet | Found a runed translucent gate.
 11657 | Gauntlet | Found a transporter.
 11657 | Gauntlet | Found a runed translucent gate.
 11657 | Gauntlet | Noticed an obsidian statue
 11657 | Gauntlet | Noticed a spark wasp
 11657 | Gauntlet | an eight-headed hydra changed into a spark wasp
 11657 | Gauntlet | Noticed a mana viper
 11657 | Gauntlet | a yaktaur changed into a mana viper
 11658 | Gauntlet | Found a runed translucent gate.
 11659 | Gauntlet | Found a large runed translucent door.
 11659 | Gauntlet | Found a large runed translucent door.
 11659 | Gauntlet | Noticed an alligator
 11659 | Gauntlet | a spark wasp changed into an alligator
 11660 | Gauntlet | Found a large runed translucent door.
 11661 | Gauntlet | Found a large runed translucent door.
 11670 | Gauntlet | Found a large runed translucent door.
 11670 | Gauntlet | Found a large runed translucent door.
 11670 | Gauntlet | Found a runed translucent door.
 11670 | Gauntlet | Found a runed translucent door.
 11671 | Gauntlet | Found a large runed translucent door.
 11672 | Gauntlet | Found a large runed translucent door.
 11674 | Gauntlet | Found a transporter.
 11677 | Gauntlet | Found a transporter.
 11678 | Gauntlet | Noticed an oklob plant
 11687 | Gauntlet | Found a transporter.
 11743 | Gauntlet | Found a large runed translucent door.
 11744 | Gauntlet | Found a large runed translucent door.
 11745 | Gauntlet | Found a large runed translucent door.
 11745 | Gauntlet | Found a large runed translucent door.
 11747 | Gauntlet | Noticed a wolf spider
 11747 | Gauntlet | Noticed an orb spider
 11748 | Gauntlet | Noticed a sea snake
 11748 | Gauntlet | a wolf spider changed into a sea snake
 11752 | Gauntlet | a sea snake changed into a faun
 11757 | Gauntlet | Noticed a harpy
 11757 | Gauntlet | an orb spider changed into a harpy
 11761 | Gauntlet | Noticed a shining eye
 11761 | Gauntlet | a floating eye changed into a shining eye
 11768 | Gauntlet | a shining eye changed into a faun
 11770 | Gauntlet | Noticed a sea snake
 11770 | Gauntlet | a faun changed into a sea snake
 11871 | D:11     | Found a portal to a secret trove of treasure.
 12003 | D:11     | Noticed an orange crystal statue
 12019 | D:11     | Reached skill level 10 in Fighting
 12136 | D:11     | Noticed a seven-headed hydra
 12523 | Orc:1    | Entered Level 1 of the Orcish Mines
 12595 | Orc:1    | Found a roughly hewn altar of Beogh.
 12684 | Orc:1    | Noticed an orc sorcerer
 12699 | Orc:1    | Killed an orc sorcerer
 12699 | Orc:1    | Reached skill level 10 in Dodging
 13132 | Orc:2    | Entered Level 2 of the Orcish Mines
 13132 | Orc:2    | Noticed an orc knight
 13132 | Orc:2    | Noticed an orc sorcerer
 13133 | Orc:2    | Noticed an orc warlord
 13133 | Orc:2    | Noticed an orc knight
 13135 | Orc:2    | Noticed an orc high priest
 13137 | Orc:2    | Noticed an orc sorcerer
 13139 | Orc:2    | Paralysed by an orc sorcerer for 2 turns
 13142 | Orc:2    | Noticed an orc sorcerer
 13142 | Orc:2    | Noticed an orc high priest
 13142 | Orc:2    | Noticed an orc warlord
 13144 | Orc:2    | Killed from afar by a ynoxinul

Levels and vault maps discovered:
D:1:      dpeg_arrival_shrine, layout_loops_cross, grunt_decor_cap
D:2:      layout_basic, old_standard_altar, nicolae_overflow_hidden_temple
D:3:      layout_loops_ring, okawaru_altar_gauntlet_db, lemuel_round_altar,
          cheibrodos_sewer_entry_bend, first_ration, uniq_terence
D:4:      layout_basic
D:5:      layout_cave_pools, overflow_temple_1_default, marbit_many_paths,
          serial_shops, nicolae_shop_waterfront, uniq_duvessa
D:6:      layout_loops_ring, minmay_temple_entry_proselytizer,
          minmay_lizard_king, uniq_blork_the_orc, uniq_sigmund
D:7:      layout_loops_corners, chequers_temple_overflow_statue_of_worship,
          grunt_livestock, uniq_crazy_yiuf_cottage
D:8:      layout_cave_pools, minmay_crystal_room, uniq_pikel, uniq_joseph,
          uniq_grum
D:9:      layout_basic, lemuel_coloured_pillars_altar, uniq_maurice
D:10:     layout_roguey, due_lair_maze_entry_diamond, hiddenorc2_lemuel
D:11:     layout_roguey, special_room [special_room_orc],
          gauntlet_entry_generic, serial_bayou, serial_bayou_pond_d,
          serial_bayou_ford_a, serial_bayou_shore_b, serial_bayou_pond_b,
          enter_trove_6, minivault_16
Orc:1:    layout_caves, serial_shops, shop, abandoned_shop, mines1_david
Orc:2:    grunt_orc_cross, layout_caves, gammafunk_ghost_split, elf_legates

Skill      XL: |  1  2  3  4  5  6  7  8  9 10 11 |
---------------+----------------------------------+-----
Staves         | 3 4 5 6 7 8 9 |  9.8
Dodging        | 3 4 5 6 7 8 10 | 10.0
Fighting       | 3 4 5 6 7 9 10 | 10.3
Spellcasting   | 2 3 5 |  5.9
Transmutations | 2 |  2.0
Earth Magic    | 1 |  1.9
Invocations    | 3 |  3.2
Throwing       | |  1.7

Action                   |  1- 3 |  4- 6 |  7- 9 | 10-12 || total
-------------------------+-------+-------+-------+-------++-------
Melee: Quarterstaff      |    73 |   133 |   314 |    67 ||   587
       Lajatang          |       |       |       |   312 ||   312
Throw: Throwing net      |     4 |     2 |     1 |       ||     7
Evoke: Wand              |       |       |     2 |    21 ||    23
  Use: Scroll            |       |     1 |       |     8 ||     9
       Potion            |       |       |     2 |       ||     2
 Stab: Sleeping          |     2 |     8 |     2 |       ||    12
       Held in net/web   |     3 |     1 |     1 |       ||     5
       Distracted        |       |       |     1 |       ||     1
  Eat: Chunk             |       |     8 |    11 |    17 ||    36
       Ration            |       |       |     1 |       ||     1
Armor: Leather armour    |    14 |    20 |    21 |       ||    55
       Scale mail        |       |       |    58 |    76 ||   134
Dodge: Dodged            |    60 |    92 |   199 |   190 ||   541
Block: Other             |       |       |    28 |    41 ||    69
